 Dungeon Crawl Stone Soup version 0.31-a0-188-g5e087ee2ca (webtiles) character file.

Game seed: 742389269393193389

327256 qw the Acrobat (level 20, -5/139 HPs)
             Began as a Deep Elf Hunter on June 23, 2023.
             Was a High Priest of Okawaru.
             Killed from afar by a fire giant (18 damage)
             ... with a bolt of fire
             ... on level 1 of the Depths.
             The game lasted 00:19:37 (37354 turns).

qw the Acrobat (Deep Elf Hunter)                   Turns: 37354, Time: 00:19:38

Health: -5/139     AC: 31    Str: 13    XL:     20   Next: 78%
Magic:  26/29      EV: 49    Int: 19    God:    Okawaru [*****.]
Gold:   1218       SH:  0    Dex: 42    Spells: 19/19 levels left

rFire   . . .        x - +3 longbow (heavy)
rCold   + + .        (shield currently unavailable)
rNeg    . . .        l - +7 swamp dragon scales
rPois   +            c - +2 helmet {SInv}
rElec   .            v - +2 cloak
rCorr   +            a - +2 pair of gloves {Dex+3}
SInv    +            b - -2 pair of boots "Fezesm" {rPois rC- rCorr Dex+5}
Will    ++...        u - amulet of faith
Stlth   ++++         q - ring "Gaoneiw" {rF- rC+++ rCorr Dex+6}
HPRegen 0.43/turn    y - ring "Jaminus" {rF+ Int+2 Dex+6}
MPRegen 0.21/turn

%: clarity, faith
@: about to teleport, heroic
A: agile 1, clarity, noise suppression
}: 2/15 runes: serpentine, barnacled
a: Renounce Religion, Heroism, Finesse, Duel


You were on level 1 of the Depths.
You worshipped Okawaru.
Okawaru was extremely pleased with you.
You visited 8 branches of the dungeon, and saw 36 of its levels.
You also visited: Gauntlet.

You collected 3578 gold pieces.
You spent 2360 gold pieces at shops.


Innate Abilities, Weirdness & Mutations

You are agile. (Dex +4, Str/Int -1)
You possess an exceptional clarity of mind.
You passively dampen the noise of your surroundings.


   Skills:
 + Level 19.1(24.1) Fighting
 - Level 22.0(27) Ranged Weapons
 - Level 15.0(20.0) Armour
 - Level 22.0(27) Dodging
 - Level 1.2(6.2) Stealth
 - Level 10.0 Invocations


You had 19 spell levels left.
You didn't know any spells.
Your spell library was empty.

Inventory:

Hand Weapons
 x - a +3 heavy longbow (weapon)
Armour
 a - a +2 pair of gloves of dexterity (worn)
 b - the -2 pair of boots "Fezesm" (worn) {rPois rC- rCorr Dex+5}
   (Okawaru gifted it to you on level 4 of the Shoals)

   Dex:       It affects your dexterity (+5).
   rC:        It makes you vulnerable to cold.
   rPois:     It protects you from poison.
   rCorr:     It protects you from acid and corrosion.
 c - a +2 helmet of see invisible (worn)
 e - +0 fire dragon scales
 k - a +1 pair of boots of rampaging
 l - +7 swamp dragon scales (worn)
 v - a +2 cloak (worn)
Jewellery
 o - the ring "Penost" {Ice Will++ Int-2 SInv Stlth+}
   (You found it on level 14 of the Dungeon)

   [ring of ice]

   It enhances your ice magic.
   Int:       It affects your intelligence (-2).
   rF:        It makes you vulnerable to fire.
   rC:        It protects you from cold.
   SInv:      It lets you see invisible.
   Will:      It greatly increases your willpower.
   Stlth:     It makes you more stealthy.
 q - the ring "Gaoneiw" (left hand) {rF- rC+++ rCorr Dex+6}
   (You found it on level 7 of the Dungeon)

   [ring of dexterity]

   Dex:       It affects your dexterity (+6).
   rF:        It makes you vulnerable to fire.
   rC:        It renders you almost immune to cold.
   rCorr:     It protects you from acid and corrosion.
 s - a +6 ring of dexterity
 u - an amulet of faith (around neck)
 y - the ring "Jaminus" (right hand) {rF+ Int+2 Dex+6}
   (You found it on level 12 of the Dungeon)

   [ring of dexterity]

   Int:       It affects your intelligence (+2).
   Dex:       It affects your dexterity (+6).
   rF:        It protects you from fire.
 z - an amulet of regeneration
Wands
 f - a wand of digging (17)
Scrolls
 g - 14 scrolls of identify
 h - 6 scrolls of teleportation
Potions
 d - 17 potions of curing
 j - 6 potions of haste
 m - 6 potions of might
 p - 11 potions of enlightenment
 r - 3 potions of magic
 t - 4 potions of mutation
 w - 5 potions of cancellation

Dungeon Overview and Level Annotations

Branches:
Dungeon (15/15)            Temple (1/1) D:6            Lair (5/5) D:10
 Shoals (4/4) Lair:3        Snake (4/4) Lair:2        Slime (0/5) Lair:4
    Orc (2/2) D:12            Elf (0/3) Orc:2        Vaults (4/5) D:14
  Crypt (0/3) Vaults:2     Depths (1/4) D:15        Gauntlet (visited)

Altars:
Ashenzari
Cheibriados
Dithmenos
Elyvilon
Fedhas
Gozag
Hepliaklqana
Kikubaaqudgha
Makhleb
Nemelex Xobeh
Okawaru
Qazlal
Ru
Sif Muna
Trog
Uskayaw
Vehumet
Wu Jian
Xom
Yredelemnul
Zin
The Shining One
Jiyva
Lugonu

Shops:
D:5 [   Orc:2 (:?!   Shoals:2 *   Shoals:4 (*=:   Snake:2 =:=   Snake:4 :
Vaults:1 !*!?   Vaults:2 (   Vaults:3 (

Portals:
Abyss: Shoals:4

Annotations:
D:2 1 runed translucent door, Crazy Yiuf
D:6 1 runed translucent door, qw's ghost, novice DEHu
D:8 2 transporters
D:10 1 runed translucent door, qw's ghost, novice DEHu
Lair:1 2 transporters, qw's ghost, journeyman NaHu
Snake:1 2 runed translucent doors, Zoimialu's ghost, adept OpHW


Message History

The spriggan rider hits you but does no damage.
You shoot an arrow. The arrow hits the red very ugly thing.
The red very ugly thing is lightly wounded.
Your hands slow down.
The necromancer completely misses you. The hell knight misses you.
The white ugly thing basks in the mutagenic energy from its kin and changes!
The frost giant simulacrum completely misses you.
The hell knight completely misses you.
You shoot an arrow. The arrow hits the red very ugly thing!
The red very ugly thing is lightly wounded.
The hell knight completely misses you. The spriggan rider misses you.
The hell knight completely misses you.
The hell knight hits you from afar with a +2 glaive of distortion.
Space warps around you. The hell knight completely misses you.
The elephant completely misses you. The elephant misses you.
The red very ugly thing misses you.
The spriggan rider completely misses you.
You shoot an arrow.
The arrow hits the red very ugly thing!!!
The red very ugly thing is heavily wounded.
Your surroundings suddenly seem different.
A deep troll earth mage, 2 giants, a spriggan berserker, 2 purple ugly things and a water elemental come into view.
The spriggan berserker is wielding a +0 spectral quarterstaff.
A fire giant is wielding a +2 great sword of flaming.
Found an amulet of guardian spirit, 5 stones and 40 gold pieces.
The spriggan berserker shouts!
You hear a shout!
37353 ||| READING 7 scrolls of teleportation.
As you read the scroll of teleportation, it crumbles to dust.
You feel strangely unstable.
The purple ugly thing gurgles horribly!
A purple ugly thing comes into view.
The spriggan berserker mumbles some strange prayers to Trog.
The polar bear goes berserk!
You shoot an arrow.
The arrow completely misses the stone giant.
The fire giant shouts!
The deep troll earth mage shouts!
You hear a shout!
The purple ugly thing basks in the mutagenic energy from its kin and changes!
The fire giant gestures at you while chanting.
The bolt of fire hits you!!
You die...

........u ..
........####. .
............ ..
...........#..#
......u...... T
....$......#..#
.(......"......
.......@.....#
.............#
........C.....#
....C........##
...........i$..
........E......
.......~..h....
....~~.........


You could see a fire giant, a stone giant, 2 ugly things, a spriggan berserker,
a deep troll earth mage, a polar bear (summoned, berserk) and a water elemental
(wandering).

Vanquished Creatures
  Mara (Vaults:3)
  Sojobo (Vaults:3)
  Bai Suzhen (Snake:3)
  Boris (Vaults:3)
  Saint Roka (Orc:2)
  Nikola (Snake:2)
  Asterion (Snake:4)
  2 quicksilver dragons (Snake:4)
  Kirke (Shoals:4)
  2 krakens
  2 sphinxes
  4 tengu reavers
  6 nagarajas (Snake:4)
  9 vault wardens
  Aizul (Vaults:1)
  9 ironbound preservers
  2 frost giants
  3 formless jellyfish
  5 orc warlords
  A stone giant (Depths:1)
  12 ironbound thunderhulks
  3 very ugly things
  2 deep elf annihilators (Vaults:4)
  A minotaur (Gauntlet)
  10 dire elephants
  A crystal guardian (Vaults:3)
  2 deep elf death magi
  2 entropy weavers
  2 ettins (Vaults:1)
  5 merfolk javelineers
  7 yaktaur captains
  An entropy weaver (shapeshifter) (D:14)
  A fire dragon (D:15)
  6 merfolk impalers
  3 great orbs of eyes
  Harold (D:10)
  An ice dragon (Shoals:2)
  A deep elf high priest (Vaults:4)
  A ghost crab (Gauntlet)
  A quicksilver dragon skeleton (Vaults:2)
  5 hydras
  2 merfolk avatars (Shoals:4)
  Erica (Lair:2)
  5 salamander tyrants
  4 catoblepae
  2 peacekeepers
  9 anacondas
  4 ogre magi (Orc:2)
  13 centaur warriors
  A spriggan air mage (Depths:1)
  14 ironbound frosthearts
  7 boulder beetles
  4 merfolk aquamancers
  4 satyrs
  A two-headed ogre (shapeshifter) (Vaults:1)
  3 alligator snapping turtles
  13 two-headed ogres
  8 death yaks (Lair:5)
  11 naga warriors
  Urug (Orc:1)
  A deep troll shaman (Lair:5)
  A vampire mage (D:15)
  16 naga sharpshooters
  11 shock serpents
  Nergalle (D:10)
  A shock serpent (shapeshifter) (D:14)
  A titan skeleton (D:15)
  2 skysharks (shapeshifter)
  15 skeletal warriors
  A spark wasp zombie (D:15)
  5 skysharks
  12 sea snakes
  26 deep trolls
  3 glowing orange brains
  2 salamander mystics
  6 naga ritualists
  13 lindwurms
  A deep elf archer (Vaults:4)
  An obsidian statue (Gauntlet)
  17 harpies
  17 ironbound convokers
  9 wizards
  A deep elf zephyrmancer (Vaults:4)
  4 necromancers
  10 mana vipers
  Pikel (D:4)
  3 deep elf pyromancers
  A stone giant zombie (Vaults:3)
  8 fauns
  2 tengu skeletons
  7 orc knights
  35 ugly things
  13 salamanders
  A shadow dragon skeleton (Vaults:2)
  A cyclops (Shoals:1)
  An orc sorcerer (Orc:2)
  A fire giant zombie (Vaults:3)
  A frost giant skeleton (Vaults:2)
  15 manticores
  A sphinx skeleton (Vaults:2)
  2 stone giant skeletons
  A fire giant skeleton (Vaults:2)
  A water nymph (shapeshifter) (Vaults:1)
  9 guardian serpents
  41 black mambas
  14 vault sentinels
  2 water nymphs (Shoals:2)
  4 merfolk sirens
  13 elephants
  13 naga magi
  3 gargoyles
  Joseph (D:8)
  Maggie (D:8)
  An elf skeleton (Vaults:2)
  22 yaktaurs
  2 unseen horrors (D:13)
  A komodo dragon (shapeshifter) (D:14)
  3 rime drakes
  12 cane toads
  A rime drake (shapeshifter) (D:15)
  8 komodo dragons
  3 yaktaur skeletons
  3 tengu conjurers
  A meliai (Lair:2)
  17 merfolk
  6 trolls
  A queen bee (shapeshifter) (D:15)
  5 wind drakes
  A queen bee (Lair:2)
  A polar bear (shapeshifter) (D:14)
  3 hornets
  3 human skeletons (Vaults:2)
  3 polar bears (Lair:3)
  13 blink frogs
  A snapping turtle (shapeshifter) (Vaults:2)
  A hornet (shapeshifter) (D:15)
  14 snapping turtles
  A spriggan (Depths:1)
  38 slime creatures
  7 small abominations (D:12)
  A shapeshifter (D:15)
  A culicivora (shapeshifter) (D:15)
  A jumping spider (Vaults:3)
  3 shadows
  A spriggan skeleton (D:15)
  2 centaur simulacra
  2 wraiths
  8 wyverns
  2 hogs (Shoals:4)
  13 water elementals
  33 yaks
  Grum (Lair:1)
  6 basilisks
  A human (Shoals:4)
  5 redbacks
  A redback simulacrum (D:13)
  A yaktaur simulacrum (Vaults:3)
  3 steam dragons
  24 vampire mosquitoes
  3 wargs
  An acid dragon (D:10)
  49 nagas
  A swamp worm (shapeshifter) (Vaults:2)
  15 water moccasins
  18 orc warriors
  5 large abominations (D:12)
  2 glowing shapeshifter skeletons (Vaults:2)
  An ice beast (D:8)
  2 sky beasts (D:7)
  4 boggarts (Vaults:3)
  31 ogres
  10 wolves
  2 black bears (Lair:5)
  13 centaurs
  3 lemures (D:4)
  A phantom (D:5)
  A kobold brigand (D:11)
  6 bullfrogs
  A gnoll sergeant (D:11)
  An ogre simulacrum (Vaults:1)
  A scorpion (D:6)
  A hornet simulacrum (D:15)
  5 wights (D:6)
  31 killer bees
  6 electric eels
  A howler monkey (D:10)
  2 human simulacra (Vaults:2)
  3 hounds (D:6)
  12 orc priests
  3 jellies
  Ijyb (D:5)
  15 orc wizards
  4 iguanas
  A sleepcap (D:7)
  4 gnolls (D:11)
  8 adders
  A river rat (Lair:2)
  A white imp (D:5)
  4 dart slugs
  57 orcs
  7 ball pythons
  7 endoplasms
  3 giant cockroaches
  6 goblins
  6 hobgoblins
  10 jackals
  2 quokkas
  9 bats
  4 frilled lizards
  7 kobolds
  8 rats
  A lurking horror (Shoals:4)
  8 tentacles
1292 creatures vanquished.

Vanquished Creatures (others)
  A naga warrior (Snake:4)
  A naga sharpshooter (Snake:1)
  A kobold (D:11)
  5 tentacles
8 creatures vanquished.

Grand Total: 1300 creatures vanquished

Notes
Turn   | Place    | Note
-------+----------+-------------------------------------------
     0 | D:1      | qw the Deep Elf Hunter began the quest for the Orb.
     0 | D:1      | Reached XP level 1. HP: 12/12 MP: 3/3
     0 | D:1      | 0 ||| qw: Version: 0.3-a-9-g12657ce
     0 | D:1      | 0 ||| qw: Game counter: 3765
     0 | D:1      | 0 ||| qw: Always use a shield: true
     0 | D:1      | 0 ||| qw: God list: Okawaru
     0 | D:1      | 0 ||| qw: Allow faded altars: false
     0 | D:1      | 0 ||| qw: Do Orc after D:15 true
     0 | D:1      | 0 ||| qw: Do second Lair branch before Depths: true
     0 | D:1      | 0 ||| qw: Lair rune preference: random
     0 | D:1      | 0 ||| qw: Plans: Normal
     0 | D:1      | 0 ||| PLANNING D:1-11
   195 | D:1      | Reached skill level 6 in Ranged Weapons
   195 | D:1      | Reached XP level 2. HP: 14/16 MP: 4/4
   758 | D:1      | Reached XP level 3. HP: 20/20 MP: 5/5
   809 | D:1      | 809 ||| UPGRADING to +0 scale mail.
   819 | D:1      | 819 ||| DROPPING +0 leather armour.
   820 | D:1      | 820 ||| DROPPING ring of magical power.
   821 | D:1      | 821 ||| UPGRADING to ring of see invisible.
   822 | D:1      | 822 ||| READING 3 scrolls labelled HEDUYSS WUAV.
   823 | D:1      | 823 ||| READING scroll labelled AZUFER CYHA.
   824 | D:1      | 824 ||| READING 2 scrolls labelled OMAETE HIGY.
   825 | D:1      | 825 ||| READING scroll labelled NYFUIK FUCE.
   826 | D:1      | 826 ||| DRINKING 2 bubbling amethyst potions.
   827 | D:1      | 827 ||| DROPPING 2 scrolls of poison.
   828 | D:1      | 828 ||| DROPPING scroll of butterflies.
   830 | D:1      | 830 ||| Stepping ~*~*~tactically~*~*~ (cloud).
   830 | D:1      | HP: 4/20 [poisoned by you (poison gas)]
   831 | D:1      | 831 ||| DRINKING potion of curing.
   831 | D:1      | 831 ||| (to cure poison)
   920 | D:2      | Found an ancient bone altar of Kikubaaqudgha.
  1038 | D:2      | Identified the +5 orcbow "Ticut" {heavy, Dex+3}
  1040 | D:2      | 1040 ||| SWAPPING to +5 orcbow "Ticut" {heavy, Dex+3}.
  1044 | D:2      | 1044 ||| DROPPING +0 shortbow.
  1105 | D:2      | Found a runed translucent door.
  1106 | D:2      | Noticed Crazy Yiuf
  1226 | D:2      | Reached XP level 4. HP: 25/25 MP: 6/6
  1374 | D:2      | 1374 ||| UPGRADING to ring of protection from cold.
  1407 | D:2      | Found a faded altar of an unknown god.
  1673 | D:2      | 1673 ||| DRINKING 2 clear potions.
  1976 | D:3      | Found the +4 robe of Augmentation {Str+4 Int+4 Dex+4}
  2382 | D:3      | 2382 ||| UPGRADING to +0 ring mail.
  2392 | D:3      | 2392 ||| DROPPING +0 scale mail.
  2393 | D:3      | 2393 ||| UPGRADING to +4 robe of Augmentation {Str+4 Int+4
                  | Dex+4}.
  2403 | D:3      | 2403 ||| DROPPING +0 ring mail.
  2404 | D:3      | 2404 ||| READING scroll labelled OSUUGU UNUCONA.
  2405 | D:3      | 2405 ||| READING scroll labelled IREERE XAIHYNAOXT.
  2406 | D:3      | 2406 ||| READING scroll labelled OTAENIE ALES.
  2507 | D:3      | 2507 ||| READING scroll labelled ZUTIKKUCOMMO.
  2512 | D:3      | 2512 ||| READING scroll labelled PIDUHO JIUNI.
  2513 | D:3      | 2513 ||| DRINKING 2 fizzy dark potions.
  2759 | D:4      | Reached XP level 5. HP: 29/29 MP: 7/7
  2887 | D:4      | Noticed a lemure
  2887 | D:4      | Noticed a lemure
  2889 | D:4      | Killed a lemure
  2889 | D:4      | Noticed Pikel
  2889 | D:4      | Noticed a lemure
  2890 | D:4      | Noticed a lemure
  2891 | D:4      | Killed a lemure
  2894 | D:4      | Killed a lemure
  2897 | D:4      | Killed Pikel
  2898 | D:4      | Reached XP level 6. HP: 27/34 MP: 8/8
  2898 | D:4      | Reached XP level 7. HP: 30/38 MP: 9/9
  3230 | D:4      | Found a shimmering altar of Xom.
  3234 | D:4      | Found an opulent altar of Gozag.
  3234 | D:4      | Found a glowing golden altar of the Shining One.
  3234 | D:4      | Found a hazy altar of Hepliaklqana.
  3292 | D:4      | 3292 ||| READING 2 scrolls of identify.
  3292 | D:4      | 3292 ||| IDENTIFYING bubbling sapphire potion
  3293 | D:4      | 3293 ||| DROPPING potion of ambrosia.
  3327 | D:5      | Entered Level 5 of the Dungeon
  3366 | D:5      | Identified the +0 leather armour of Yredelemnul's Approval
                  | {Rampage Int+4}
  3458 | D:5      | Found Wadivvi's Antique Armour Shop.
  3475 | D:5      | 3475 ||| BUYING aquamarine-encrusted leather armour (140
                  | gold).
  3475 | D:5      | Bought an aquamarine-encrusted leather armour for 140 gold
                  | pieces
  3475 | D:5      | Identified the +2 leather armour of Hedge Wizardry {rElec
                  | rCorr} (You bought it in a shop on level 5 of the Dungeon)
  3475 | D:5      | 3475 ||| SHOPLISTING pair of gloves (90 gold, have 81).
  3475 | D:5      | 3475 ||| SHOPLISTING pair of glowing boots (150 gold, have
                  | 81).
  3475 | D:5      | 3475 ||| SHOPLISTING runed ring mail (140 gold, have 81).
  3475 | D:5      | 3475 ||| SHOPLISTING spiked helmet (190 gold, have 81).
  3500 | D:5      | Noticed Ijyb
  3507 | D:5      | Killed Ijyb
  3508 | D:5      | Reached skill level 9 in Ranged Weapons
  3814 | D:5      | Found a shimmering blue altar of Sif Muna.
  3817 | D:5      | 3817 ||| DROPPING +0 leather armour of Yredelemnul's
                  | Approval {Rampage Int+4}.
  3818 | D:5      | 3818 ||| DROPPING +2 leather armour of Hedge Wizardry
                  | {rElec rCorr}.
  3819 | D:5      | 3819 ||| DRINKING 2 bubbling emerald potions.
  3846 | D:5      | 3846 ||| DRINKING 2 fuming yellow potions.
  3847 | D:5      | 3847 ||| READING 3 scrolls of identify.
  3847 | D:5      | 3847 ||| IDENTIFYING orange potion
  3848 | D:5      | 3848 ||| READING 2 scrolls of identify.
  3848 | D:5      | 3848 ||| IDENTIFYING bubbling silvery potion
  3849 | D:5      | 3849 ||| DROPPING potion of lignification.
  3850 | D:5      | 3850 ||| DROPPING potion of magic.
  3890 | D:6      | Found a staircase to the Ecumenical Temple.
  3891 | D:6      | 3891 ||| PLANNING TEMPLE
  3900 | Temple   | Entered the Ecumenical Temple
  3901 | Temple   | 3901 ||| PLANNING OKAWARU WORSHIP
  4072 | Temple   | Became a worshipper of Warmaster Okawaru
  4073 | Temple   | 4073 ||| PLANNING D:1-11
  4085 | D:6      | Reached XP level 8. HP: 36/45 MP: 10/10
  4241 | D:6      | Found a runed translucent door.
  4249 | D:6      | Noticed qw's ghost (novice DEHu)
  4255 | D:6      | Reached * piety under Okawaru
  4277 | D:6      | 4277 ||| INVOKING Heroism.
  4278 | D:6      | 4278 ||| INVOKING Heroism.
  4280 | D:6      | Reached skill level 12 in Ranged Weapons
  4418 | D:6      | Reached skill level 1 in Invocations
  4554 | D:6      | Reached skill level 3 in Fighting
  4662 | D:6      | 4662 ||| INVOKING Heroism.
  4758 | D:6      | 4758 ||| UPGRADING to +2 hat.
  4763 | D:6      | 4763 ||| READING 2 scrolls of identify.
  4763 | D:6      | 4763 ||| IDENTIFYING golden potion
  4764 | D:6      | 4764 ||| DROPPING potion of invisibility.
  4785 | D:6      | 4785 ||| INVOKING Heroism.
  4843 | D:7      | 4843 ||| INVOKING Heroism.
  5055 | D:7      | Reached skill level 3 in Invocations
  5167 | D:7      | Reached XP level 9. HP: 50/50 MP: 13/13
  5206 | D:7      | Noticed a troll
  5207 | D:7      | 5207 ||| INVOKING Heroism.
  5209 | D:7      | Killed a troll
  5320 | D:7      | Identified the ring "Gaoneiw" {rF- rC+++ rCorr Dex+6}
  5574 | D:7      | 5574 ||| UPGRADING to ring "Gaoneiw" {rF- rC+++ rCorr
                  | Dex+6}.
  5576 | D:7      | 5576 ||| REMOVING ring of protection from cold.
  5577 | D:7      | 5577 ||| UPGRADING to ring of willpower.
  5578 | D:7      | 5578 ||| UPGRADING to ring of see invisible.
  5580 | D:7      | 5580 ||| READING scroll labelled GAXYP CEBO.
  5581 | D:7      | 5581 ||| READING scroll labelled KYH ZYUDUUNO.
  5674 | D:8      | Reached ** piety under Okawaru
  5735 | D:8      | You fall into a shaft and drop 1 floor!
  5741 | D:9      | 5741 ||| INVOKING Heroism.
  5744 | D:9      | Reached skill level 9 in Dodging
  5840 | D:9      | Reached *** piety under Okawaru
  5845 | D:9      | Reached skill level 15 in Ranged Weapons
  5848 | D:9      | Reached XP level 10. HP: 56/56 MP: 15/15
  5856 | D:9      | 5856 ||| READING 2 scrolls of identify.
  5856 | D:9      | 5856 ||| IDENTIFYING green potion
  5857 | D:9      | 5857 ||| DRINKING potion of experience.
  5857 | D:9      | Reached skill level 9 in Fighting
  5857 | D:9      | Reached XP level 11. HP: 71/71 MP: 16/16
  5866 | D:8      | Found a basalt altar of Yredelemnul.
  5876 | D:8      | 5876 ||| INVOKING Heroism.
  6024 | D:8      | 6024 ||| INVOKING Heroism.
  6221 | D:8      | Noticed Maggie
  6222 | D:8      | 6222 ||| INVOKING Heroism.
  6224 | D:8      | Killed Maggie
  6228 | D:8      | Noticed Joseph
  6231 | D:8      | Killed Joseph
  6253 | D:8      | Found a transporter.
  6253 | D:8      | Found a transporter.
  6253 | D:8      | Noticed a boulder beetle
  6543 | D:8      | 6543 ||| UPGRADING to +0 swamp dragon scales.
  6553 | D:8      | 6553 ||| UPGRADING to +6 ring of dexterity.
  6606 | D:9      | 6606 ||| INVOKING Heroism.
  6645 | D:9      | 6645 ||| INVOKING Heroism.
  6648 | D:9      | Reached skill level 1 in Armour
  6807 | D:9      | 6807 ||| INVOKING Heroism.
  7120 | D:9      | 7120 ||| READING scroll labelled RODWE TOOPYEL.
  7133 | D:10     | Entered Level 10 of the Dungeon
  7173 | D:10     | Noticed Nergalle
  7174 | D:10     | 7174 ||| FLEEEEING.
  7175 | D:10     | 7175 ||| FLEEEEING.
  7176 | D:10     | 7176 ||| FLEEEEING.
  7177 | D:10     | 7177 ||| FLEEEEING.
  7178 | D:10     | 7178 ||| FLEEEEING.
  7179 | D:10     | 7179 ||| FLEEEEING.
  7180 | D:10     | 7180 ||| FLEEEEING.
  7188 | D:10     | 7188 ||| STAIRDANCE
  7223 | D:10     | 7223 ||| INVOKING Heroism.
  7231 | D:10     | Killed Nergalle
  7249 | D:10     | Noticed Harold
  7250 | D:10     | 7250 ||| INVOKING Heroism.
  7253 | D:10     | Killed Harold
  7272 | D:10     | Found a staircase to the Lair.
  7298 | D:10     | 7298 ||| INVOKING Heroism.
  7317 | D:10     | 7317 ||| READING scroll of enchant armour.
  7317 | D:10     | 7317 ||| ENCHANTING +0 swamp dragon scales.
  7350 | D:10     | 7350 ||| DROPPING +4 orcbow.
  7380 | D:10     | Found a runed translucent door.
  7381 | D:10     | Noticed qw's ghost (novice DEHu)
  7637 | D:10     | 7637 ||| PLANNING LAIR
  7637 | D:10     | 7637 ||| UPGRADING to amulet of faith.
  7642 | D:10     | 7642 ||| DRINKING 2 bubbling pink potions.
  7642 | D:10     | Gained mutation: You are dopey. (Int -2) [potion of
                  | mutation]
  7642 | D:10     | Gained mutation: You occasionally lose the ability to drink
                  | potions when taking damage. [potion of mutation]
  7643 | D:10     | 7643 ||| DRINKING potion of mutation.
  7643 | D:10     | Lost mutation: You are dopey. (Int -2) [potion of mutation]
  7643 | D:10     | Lost mutation: You occasionally lose the ability to drink
                  | potions when taking damage. [potion of mutation]
  7643 | D:10     | Gained mutation: You occasionally lose the ability to drink
                  | potions when taking damage. [potion of mutation]
  7643 | D:10     | Gained mutation: Your muscles are strong. (Str +4, Int/Dex
                  | -1) [potion of mutation]
  7643 | D:10     | Gained mutation: You possess an exceptional clarity of
                  | mind. [potion of mutation]
  7644 | D:10     | 7644 ||| DRINKING 3 viscous sapphire potions.
  7645 | D:10     | 7645 ||| DROPPING 2 potions of attraction.
  7672 | Lair:1   | Entered Level 1 of the Lair of Beasts
  7710 | Lair:1   | Noticed a boulder beetle
  7711 | Lair:1   | 7711 ||| INVOKING Heroism.
  7715 | Lair:1   | Killed a boulder beetle
  7736 | Lair:1   | 7736 ||| INVOKING Heroism.
  7739 | Lair:1   | Reached skill level 12 in Dodging
  7771 | Lair:1   | 7771 ||| INVOKING Heroism.
  7775 | Lair:1   | Received a gift from Okawaru
  7776 | Lair:1   | Reached skill level 3 in Armour
  7813 | Lair:1   | Noticed Grum
  7814 | Lair:1   | 7814 ||| INVOKING Heroism.
  7815 | Lair:1   | Killed Grum
  7893 | Lair:1   | Reached XP level 12. HP: 76/76 MP: 17/17
  7895 | Lair:1   | Reached **** piety under Okawaru
  7943 | Lair:1   | Noticed a catoblepas
  7944 | Lair:1   | Found a transporter.
  7950 | Lair:1   | Noticed qw's ghost (journeyman NaHu)
  7956 | Lair:1   | Found a transporter.
  8235 | Lair:2   | 8235 ||| INVOKING Heroism.
  8241 | Lair:2   | 8241 ||| STAIRDANCE
  8392 | Lair:2   | 8392 ||| STAIRDANCE
  8394 | Lair:1   | 8394 ||| INVOKING Heroism.
  8501 | Lair:2   | 8501 ||| INVOKING Heroism.
  8527 | Lair:2   | 8527 ||| INVOKING Heroism.
  8651 | Lair:2   | Noticed Erica
  8652 | Lair:2   | 8652 ||| INVOKING Heroism.
  8656 | Lair:2   | Killed Erica
  8810 | Lair:2   | Found a staircase to the Snake Pit.
  8831 | Lair:2   | Received a gift from Okawaru
  8868 | Lair:2   | 8868 ||| INVOKING Heroism.
  8894 | Lair:2   | Reached skill level 6 in Invocations
  9040 | Lair:2   | 9040 ||| INVOKING Heroism.
  9082 | Lair:2   | 9082 ||| INVOKING Heroism.
  9157 | Lair:2   | 9157 ||| INVOKING Heroism.
  9163 | Lair:2   | Reached skill level 15 in Dodging
  9170 | Lair:2   | Reached ***** piety under Okawaru
  9171 | Lair:2   | 9171 ||| INVOKING Heroism.
  9229 | Lair:2   | 9229 ||| FLEEEEING.
  9230 | Lair:2   | 9230 ||| FLEEEEING.
  9231 | Lair:2   | 9231 ||| FLEEEEING.
  9232 | Lair:2   | 9232 ||| FLEEEEING.
  9233 | Lair:2   | 9233 ||| FLEEEEING.
  9234 | Lair:2   | 9234 ||| FLEEEEING.
  9236 | Lair:2   | 9236 ||| FLEEEEING.
  9237 | Lair:2   | 9237 ||| FLEEEEING.
  9241 | Lair:2   | 9241 ||| FLEEEEING.
  9242 | Lair:2   | 9242 ||| FLEEEEING.
  9555 | Lair:2   | 9555 ||| UPGRADING to +1 cloak.
  9560 | Lair:2   | 9560 ||| DROPPING amulet of magic regeneration.
  9561 | Lair:2   | 9561 ||| READING scroll labelled ZAXOCA EJOR.
  9562 | Lair:2   | 9562 ||| DRINKING 2 purple potions.
  9563 | Lair:2   | 9563 ||| DROPPING potion of brilliance.
  9597 | Lair:3   | Noticed an eight-headed hydra
  9598 | Lair:3   | 9598 ||| INVOKING Heroism.
  9608 | Lair:3   | HP: 19/76 [eight-headed hydra (5)]
  9608 | Lair:3   | HP: 9/76 [eight-headed hydra (4)]
  9608 | Lair:3   | HP: 2/76 [eight-headed hydra (4)]
  9609 | Lair:3   | 9609 ||| READING 6 scrolls of teleportation.
  9610 | Lair:3   | 9610 ||| DRINKING 4 potions of heal wounds.
  9846 | Lair:3   | 9846 ||| INVOKING Heroism.
  9873 | Lair:3   | 9873 ||| INVOKING Heroism.
  9877 | Lair:3   | Killed an eight-headed hydra
 10013 | Lair:3   | 10013 ||| INVOKING Heroism.
 10015 | Lair:3   | Reached XP level 13. HP: 80/80 MP: 18/21
 10069 | Lair:3   | 10069 ||| READING scroll of enchant armour.
 10069 | Lair:3   | 10069 ||| ENCHANTING +1 swamp dragon scales.
 10137 | Lair:3   | 10137 ||| INVOKING Heroism.
 10377 | Lair:3   | Found a staircase to the Shoals.
 10378 | Lair:3   | 10378 ||| Stepping ~*~*~tactically~*~*~ (water).
 10463 | Lair:3   | 10463 ||| DROPPING +4 robe of Augmentation {Str+4 Int+4
                  | Dex+4}.
 10502 | Lair:4   | Reached skill level 9 in Invocations
 10668 | Lair:4   | 10668 ||| INVOKING Heroism.
 10701 | Lair:4   | Found a staircase to the Slime Pits.
 10702 | Lair:4   | Found a viscous altar of Jiyva.
 10719 | Lair:4   | 10719 ||| FLEEEEING.
 10720 | Lair:4   | 10720 ||| FLEEEEING.
 10721 | Lair:4   | 10721 ||| INVOKING Heroism.
 10736 | Lair:4   | HP: 18/80 [yak (9)]
 10737 | Lair:4   | 10737 ||| READING 7 scrolls of teleportation.
 10738 | Lair:4   | 10738 ||| DRINKING 3 potions of heal wounds.
 10764 | Lair:4   | 10764 ||| INVOKING Heroism.
 10900 | Lair:4   | 10900 ||| READING scroll of enchant armour.
 10900 | Lair:4   | 10900 ||| ENCHANTING +2 swamp dragon scales.
 10966 | Lair:4   | 10966 ||| INVOKING Heroism.
 10975 | Lair:4   | Received a gift from Okawaru
 10991 | Lair:4   | 10991 ||| FLEEEEING.
 10992 | Lair:4   | 10992 ||| FLEEEEING.
 10993 | Lair:4   | 10993 ||| FLEEEEING.
 10994 | Lair:4   | 10994 ||| INVOKING Heroism.
 11542 | Lair:4   | 11542 ||| UPGRADING to +1 pair of boots of rampaging.
 11547 | Lair:4   | 11547 ||| DROPPING amulet of guardian spirit.
 11565 | Lair:5   | Entered Level 5 of the Lair of Beasts
 11570 | Lair:5   | Found a bloodstained altar of Trog.
 11686 | Lair:5   | 11686 ||| INVOKING Heroism.
 11721 | Lair:5   | 11721 ||| INVOKING Heroism.
 11761 | Lair:5   | 11761 ||| INVOKING Heroism.
 11777 | Lair:5   | 11777 ||| Stepping ~*~*~tactically~*~*~ (cloud).
 11779 | Lair:5   | 11779 ||| Stepping ~*~*~tactically~*~*~ (cloud).
 11786 | Lair:5   | 11786 ||| Stepping ~*~*~tactically~*~*~ (cloud).
 11788 | Lair:5   | 11788 ||| INVOKING Heroism.
 11790 | Lair:5   | 11790 ||| Stepping ~*~*~tactically~*~*~ (cloud).
 11793 | Lair:5   | 11793 ||| Stepping ~*~*~tactically~*~*~ (cloud).
 11793 | Lair:5   | HP: 18/80 [catoblepas (12)]
 11794 | Lair:5   | 11794 ||| READING 6 scrolls of teleportation.
 11800 | Lair:5   | 11800 ||| READING 5 scrolls of teleportation.
 11825 | Lair:5   | 11825 ||| INVOKING Heroism.
 12034 | Lair:5   | 12034 ||| INVOKING Heroism.
 12038 | Lair:5   | Reached skill level 6 in Armour
 12296 | Lair:5   | 12296 ||| INVOKING Heroism.
 12301 | Lair:5   | 12301 ||| INVOKING Finesse.
 12325 | Lair:5   | Reached XP level 14. HP: 66/86 MP: 18/23
 12329 | Lair:5   | Reached skill level 18 in Dodging
 12507 | Lair:5   | 12507 ||| INVOKING Heroism.
 12508 | Lair:5   | 12508 ||| INVOKING Finesse.
 12515 | Lair:5   | 12515 ||| Stepping ~*~*~tactically~*~*~ (cloud).
 12516 | Lair:5   | 12516 ||| Stepping ~*~*~tactically~*~*~ (cloud).
 12518 | Lair:5   | Identified the +1 robe of the Worm {Dex+2} (Okawaru gifted
                  | it to you on level 5 of the Lair of Beasts)
 12518 | Lair:5   | Received a gift from Okawaru
 12811 | Lair:5   | 12811 ||| INVOKING Heroism.
 12812 | Lair:5   | 12812 ||| INVOKING Finesse.
 12916 | Lair:5   | 12916 ||| PLANNING D:1-11
 12916 | Lair:5   | 12916 ||| UPGRADING to +0 pair of gloves.
 13071 | D:11     | Found a sacrificial altar of Ru.
 13231 | D:11     | 13231 ||| INVOKING Heroism.
 13234 | D:11     | HP: 19/88 [fire elemental[a deep elf pyromancer] (13)]
 13235 | D:11     | 13235 ||| READING 4 scrolls of teleportation.
 13597 | D:11     | 13597 ||| Stepping ~*~*~tactically~*~*~ (outnumbered).
 13599 | D:11     | 13599 ||| Stepping ~*~*~tactically~*~*~ (outnumbered).
 13605 | D:11     | 13605 ||| Stepping ~*~*~tactically~*~*~ (outnumbered).
 13892 | D:11     | 13892 ||| PLANNING D
 13902 | D:12     | 13902 ||| Stepping ~*~*~tactically~*~*~ (outnumbered).
 13904 | D:12     | 13904 ||| Stepping ~*~*~tactically~*~*~ (outnumbered).
 13944 | D:12     | Found a staircase to the Orcish Mines.
 14063 | D:12     | 14063 ||| READING 3 scrolls of teleportation.
 14073 | D:12     | 14073 ||| FLEEEEING.
 14074 | D:12     | 14074 ||| FLEEEEING.
 14075 | D:12     | 14075 ||| FLEEEEING.
 14076 | D:12     | 14076 ||| FLEEEEING.
 14077 | D:12     | 14077 ||| FLEEEEING.
 14078 | D:12     | 14078 ||| FLEEEEING.
 14079 | D:12     | 14079 ||| FLEEEEING.
 14080 | D:12     | 14080 ||| FLEEEEING.
 14081 | D:12     | 14081 ||| FLEEEEING.
 14082 | D:12     | 14082 ||| FLEEEEING.
 14083 | D:12     | 14083 ||| FLEEEEING.
 14084 | D:12     | 14084 ||| FLEEEEING.
 14085 | D:12     | 14085 ||| FLEEEEING.
 14086 | D:12     | 14086 ||| FLEEEEING.
 14087 | D:12     | 14087 ||| FLEEEEING.
 14088 | D:12     | 14088 ||| FLEEEEING.
 14089 | D:12     | 14089 ||| FLEEEEING.
 14090 | D:12     | 14090 ||| FLEEEEING.
 14091 | D:12     | 14091 ||| FLEEEEING.
 14092 | D:12     | 14092 ||| FLEEEEING.
 14094 | D:12     | 14094 ||| FLEEEEING.
 14095 | D:12     | 14095 ||| FLEEEEING.
 14607 | D:12     | Identified the ring "Jaminus" {rF+ Int+2 Dex+6}
 14609 | D:12     | Identified the ring of the Robin {Wiz Will++ Int+3}
 14611 | D:12     | Identified the +1 long sword of Jocular Blind Justice
                  | {flame, Dex+3}
 14612 | D:12     | 14612 ||| DROPPING ring of see invisible.
 14613 | D:12     | 14613 ||| DROPPING ring of protection from cold.
 14614 | D:12     | 14614 ||| DROPPING ring of willpower.
 14615 | D:12     | 14615 ||| UPGRADING to ring "Jaminus" {rF+ Int+2 Dex+6}.
 14617 | D:12     | 14617 ||| DROPPING ring of the Robin {Wiz Will++ Int+3}.
 14618 | D:12     | 14618 ||| READING 9 scrolls of identify.
 14618 | D:12     | 14618 ||| IDENTIFYING cyan potion
 14619 | D:12     | 14619 ||| READING 8 scrolls of identify.
 14619 | D:12     | 14619 ||| IDENTIFYING black potion
 14620 | D:12     | 14620 ||| DROPPING potion of berserk rage.
 14621 | D:12     | 14621 ||| DROPPING potion of degeneration.
 14651 | D:13     | 14651 ||| PLANNING GAUNTLET
 14696 | D:13     | Found a gate leading to a gauntlet.
 14800 | Gauntlet | Entered a Gauntlet
 14800 | Gauntlet | Found a transporter.
 14800 | Gauntlet | Found a transporter.
 14800 | Gauntlet | Found a transporter.
 14800 | Gauntlet | Found a transporter.
 14820 | Gauntlet | Found a transporter.
 14830 | Gauntlet | Found a transporter.
 14834 | Gauntlet | Found a transporter.
 14844 | Gauntlet | Found a transporter.
 14865 | Gauntlet | Found a transporter.
 14871 | Gauntlet | Found a transporter.
 14890 | Gauntlet | Found a transporter.
 14932 | Gauntlet | Found a transporter.
 14992 | Gauntlet | 14992 ||| INVOKING Heroism.
 14993 | Gauntlet | 14993 ||| INVOKING Finesse.
 15043 | Gauntlet | 15043 ||| INVOKING Finesse.
 15047 | Gauntlet | 15047 ||| INVOKING Heroism.
 15092 | Gauntlet | 15092 ||| READING scroll of enchant armour.
 15092 | Gauntlet | 15092 ||| ENCHANTING +3 swamp dragon scales.
 15097 | Gauntlet | 15097 ||| UPGRADING to +2 pair of gloves of dexterity.
 15107 | Gauntlet | 15107 ||| DROPPING +0 pair of gloves.
 15125 | Gauntlet | Identified the +1 dagger of Bread {flame, Will+ Dex+4}
 15131 | Gauntlet | 15131 ||| DRINKING potion of mutation.
 15131 | Gauntlet | Lost mutation: Your muscles are strong. (Str +4, Int/Dex
                  | -1) [potion of mutation]
 15131 | Gauntlet | Lost mutation: You occasionally lose the ability to drink
                  | potions when taking damage. [potion of mutation]
 15131 | Gauntlet | Gained mutation: You are agile. (Dex +4, Str/Int -1)
                  | [potion of mutation]
 15131 | Gauntlet | Gained mutation: You passively dampen the noise of your
                  | surroundings. [potion of mutation]
 15132 | Gauntlet | 15132 ||| DROPPING scarf of invisibility.
 15153 | Gauntlet | Identified the +2 dire flail "Butoseh" {freeze, Str+3}
 15154 | Gauntlet | 15154 ||| INVOKING Heroism.
 15172 | Gauntlet | Identified the +4 hand axe of Theory {freeze, rN+ Will++
                  | rCorr MP-9}
 15252 | Gauntlet | 15252 ||| DROPPING +1 ring mail of poison resistance.
 15275 | D:13     | 15275 ||| PLANNING D
 15334 | D:13     | 15334 ||| Stepping randomly (disturbance).
 15490 | D:13     | 15490 ||| Stepping ~*~*~tactically~*~*~ (outnumbered).
 15805 | D:13     | 15805 ||| Stepping ~*~*~tactically~*~*~ (water).
 16026 | D:14     | 16026 ||| INVOKING Heroism.
 16026 | D:14     | Identified the +7 quarterstaff of Iseosem {drain, rC+ rN+
                  | rCorr Dex-4}
 16027 | D:14     | 16027 ||| Stepping ~*~*~tactically~*~*~ (outnumbered).
 16030 | D:14     | Received a gift from Okawaru
 16031 | D:14     | 16031 ||| Stepping ~*~*~tactically~*~*~ (outnumbered).
 16150 | D:14     | Identified the ring "Penost" {Ice Will++ Int-2 SInv Stlth+}
 16153 | D:14     | 16153 ||| INVOKING Heroism.
 16279 | D:14     | Reached XP level 15. HP: 94/94 MP: 24/24
 16279 | D:14     | Found a gate to the Vaults.
 16375 | D:14     | Found a sparkling altar of Nemelex Xobeh.
 16394 | D:14     | 16394 ||| INVOKING Heroism.
 16437 | D:14     | 16437 ||| INVOKING Heroism.
 16566 | D:14     | Received a gift from Okawaru
 16574 | D:14     | 16574 ||| SWAPPING to +2 heavy longbow.
 16582 | D:14     | 16582 ||| DROPPING +5 orcbow "Ticut" {heavy, Dex+3}.
 16599 | D:14     | 16599 ||| INVOKING Heroism.
 16613 | D:14     | Identified the +3 flail "Sarcophage" {speed, Contam MP-9
                  | Str+8 Stlth+}
 17027 | D:14     | 17027 ||| UPGRADING to +2 helmet of see invisible.
 17037 | D:14     | 17037 ||| DROPPING +2 hat.
 17038 | D:14     | 17038 ||| READING scroll labelled WAKLAP HOI.
 17056 | D:15     | Entered Level 15 of the Dungeon
 17107 | D:15     | 17107 ||| Stepping ~*~*~tactically~*~*~ (outnumbered).
 17113 | D:15     | 17113 ||| INVOKING Heroism.
 17118 | D:15     | HP: 21/94 [fire dragon/blast of flame (29)]
 17119 | D:15     | 17119 ||| READING 4 scrolls of teleportation.
 17120 | D:15     | 17120 ||| DRINKING 4 potions of heal wounds.
 17319 | D:15     | 17319 ||| READING scroll of enchant armour.
 17319 | D:15     | 17319 ||| ENCHANTING +4 swamp dragon scales.
 17324 | D:15     | 17324 ||| Stepping ~*~*~tactically~*~*~ (outnumbered).
 17572 | D:15     | 17572 ||| INVOKING Heroism.
 17573 | D:15     | 17573 ||| Stepping ~*~*~tactically~*~*~ (outnumbered).
 17616 | D:15     | 17616 ||| INVOKING Heroism.
 17664 | D:15     | Found a staircase to the Depths.
 17675 | D:15     | 17675 ||| Stepping ~*~*~tactically~*~*~ (outnumbered).
 17686 | D:15     | Reached skill level 18 in Ranged Weapons
 18199 | D:15     | 18199 ||| PLANNING ORC
 18199 | D:15     | 18199 ||| READING scroll labelled NEP XYDDERGHI.
 18283 | Orc:1    | Entered Level 1 of the Orcish Mines
 18402 | Orc:1    | 18402 ||| INVOKING Heroism.
 18407 | Orc:1    | Identified the +0 scale mail "Fassereg" {rPois rF+ rCorr
                  | Stlth-} (Okawaru gifted it to you on level 1 of the Orcish
                  | Mines)
 18407 | Orc:1    | Received a gift from Okawaru
 18665 | Orc:2    | Entered Level 2 of the Orcish Mines
 18809 | Orc:2    | 18809 ||| INVOKING Heroism.
 18815 | Orc:2    | 18815 ||| INVOKING Finesse.
 19027 | Orc:2    | 19027 ||| INVOKING Heroism.
 19030 | Orc:2    | 19030 ||| Stepping ~*~*~tactically~*~*~ (outnumbered).
 19049 | Orc:2    | 19049 ||| INVOKING Heroism.
 19070 | Orc:2    | 19070 ||| INVOKING Heroism.
 19079 | Orc:2    | Noticed Saint Roka
 19080 | Orc:2    | 19080 ||| INVOKING Finesse.
 19080 | Orc:2    | HP: 5/94 [ogre/+0 giant spiked club (25)]
 19081 | Orc:2    | 19081 ||| READING 3 scrolls of teleportation.
 19082 | Orc:2    | 19082 ||| DRINKING 3 potions of heal wounds.
 19083 | Orc:2    | 19083 ||| DRINKING 2 potions of heal wounds.
 19241 | Orc:2    | 19241 ||| INVOKING Heroism.
 19522 | Orc:1    | Noticed Urug
 19523 | Orc:1    | 19523 ||| INVOKING Heroism.
 19524 | Orc:1    | 19524 ||| INVOKING Finesse.
 19529 | Orc:1    | Killed Urug
 19530 | Orc:1    | Reached XP level 16. HP: 100/100 MP: 18/25
 19691 | Orc:2    | 19691 ||| INVOKING Heroism.
 19698 | Orc:2    | 19698 ||| Stepping ~*~*~tactically~*~*~ (outnumbered).
 19701 | Orc:2    | Killed Saint Roka
 19710 | Orc:2    | 19710 ||| FLEEEEING.
 19711 | Orc:2    | 19711 ||| FLEEEEING.
 19712 | Orc:2    | 19712 ||| STAIRDANCE
 19768 | Orc:2    | 19768 ||| STAIRDANCE
 19819 | Orc:2    | 19819 ||| Stepping ~*~*~tactically~*~*~ (outnumbered).
 19839 | Orc:2    | Found Ganonits's Book Boutique.
 19839 | Orc:2    | Found Halisust's Antique Weapon Shoppe.
 19840 | Orc:2    | Found Kawo's Distillery.
 19840 | Orc:2    | Found Doaddivo's Magic Scroll Boutique.
 19850 | Orc:2    | 19850 ||| BUYING scroll of identify (26 gold).
 19850 | Orc:2    | Bought a scroll of identify for 26 gold pieces
 19850 | Orc:2    | 19850 ||| BUYING scroll of identify (26 gold).
 19850 | Orc:2    | Bought a scroll of identify for 26 gold pieces
 19850 | Orc:2    | 19850 ||| BUYING scroll of teleportation (39 gold).
 19850 | Orc:2    | Bought a scroll of teleportation for 39 gold pieces
 19850 | Orc:2    | 19850 ||| BUYING scroll of teleportation (39 gold).
 19850 | Orc:2    | Bought a scroll of teleportation for 39 gold pieces
 19850 | Orc:2    | 19850 ||| BUYING scroll of teleportation (39 gold).
 19850 | Orc:2    | Bought a scroll of teleportation for 39 gold pieces
 19851 | Orc:2    | 19851 ||| BUYING potion of cancellation (136 gold).
 19851 | Orc:2    | Bought a potion of cancellation for 136 gold pieces
 19851 | Orc:2    | 19851 ||| BUYING potion of resistance (170 gold).
 19851 | Orc:2    | Bought a potion of resistance for 170 gold pieces
 19879 | Orc:2    | 19879 ||| INVOKING Heroism.
 19894 | Orc:2    | Found a staircase to the Elven Halls.
 19908 | Orc:2    | 19908 ||| INVOKING Heroism.
 20079 | Orc:2    | 20079 ||| PLANNING SHOALS:1-3
 20315 | Shoals:1 | Entered Level 1 of the Shoals
 20376 | Shoals:1 | Noticed a kraken
 20377 | Shoals:1 | 20377 ||| Stepping ~*~*~tactically~*~*~ (water).
 20386 | Shoals:1 | 20386 ||| INVOKING Heroism.
 20389 | Shoals:1 | Killed a kraken
 20390 | Shoals:1 | Reached skill level 21 in Dodging
 20551 | Shoals:1 | 20551 ||| INVOKING Heroism.
 20594 | Shoals:1 | Identified the +7 dagger "Panir" {drain, Int+2 Stlth+}
 20697 | Shoals:1 | 20697 ||| Stepping ~*~*~tactically~*~*~ (outnumbered).
 20802 | Shoals:1 | 20802 ||| INVOKING Heroism.
 20912 | Shoals:1 | 20912 ||| Stepping ~*~*~tactically~*~*~ (water).
 20914 | Shoals:1 | 20914 ||| Stepping ~*~*~tactically~*~*~ (water).
 20916 | Shoals:1 | 20916 ||| Stepping ~*~*~tactically~*~*~ (water).
 20933 | Shoals:1 | 20933 ||| READING scroll of enchant armour.
 20933 | Shoals:1 | 20933 ||| ENCHANTING +5 swamp dragon scales.
 21017 | Shoals:2 | 21017 ||| STAIRDANCE
 21048 | Shoals:2 | 21048 ||| STAIRDANCE
 21114 | Shoals:2 | 21114 ||| INVOKING Heroism.
 21119 | Shoals:2 | 21119 ||| Stepping ~*~*~tactically~*~*~ (water).
 21142 | Shoals:2 | 21142 ||| INVOKING Heroism.
 21146 | Shoals:2 | Reached skill level 9 in Armour
 21170 | Shoals:2 | 21170 ||| Stepping ~*~*~tactically~*~*~ (outnumbered).
 21173 | Shoals:2 | 21173 ||| FLEEEEING.
 21175 | Shoals:2 | 21175 ||| INVOKING Heroism.
 21291 | Shoals:2 | 21291 ||| Stepping ~*~*~tactically~*~*~ (water).
 21312 | Shoals:2 | 21312 ||| Stepping ~*~*~tactically~*~*~ (water).
 21334 | Shoals:2 | 21334 ||| INVOKING Heroism.
 21346 | Shoals:2 | 21346 ||| Stepping ~*~*~tactically~*~*~ (water).
 21349 | Shoals:2 | Received a gift from Okawaru
 21454 | Shoals:2 | 21454 ||| INVOKING Heroism.
 21469 | Shoals:2 | Found Sikhloni's Assorted Antiques.
 21477 | Shoals:2 | 21477 ||| BUYING potion of mutation (240 gold).
 21477 | Shoals:2 | Bought a potion of mutation for 240 gold pieces
 21477 | Shoals:2 | 21477 ||| BUYING potion of resistance (300 gold).
 21477 | Shoals:2 | Bought a potion of resistance for 300 gold pieces
 21537 | Shoals:2 | Found a frozen archway.
 21538 | Shoals:2 | 21538 ||| INVOKING Heroism.
 21600 | Shoals:2 | 21600 ||| Stepping ~*~*~tactically~*~*~ (water).
 21602 | Shoals:2 | 21602 ||| Stepping ~*~*~tactically~*~*~ (water).
 21719 | Shoals:3 | 21719 ||| Stepping ~*~*~tactically~*~*~ (water).
 21721 | Shoals:3 | 21721 ||| Stepping ~*~*~tactically~*~*~ (water).
 21723 | Shoals:3 | 21723 ||| Stepping ~*~*~tactically~*~*~ (water).
 21724 | Shoals:3 | 21724 ||| Stepping ~*~*~tactically~*~*~ (water).
 22011 | Shoals:3 | 22011 ||| Stepping ~*~*~tactically~*~*~ (water).
 22169 | Shoals:3 | 22169 ||| PLANNING SNAKE:1-3
 22169 | Shoals:3 | 22169 ||| DROPPING ring of ice.
 22284 | Snake:1  | Entered Level 1 of the Snake Pit
 22285 | Snake:1  | 22285 ||| INVOKING Heroism.
 22346 | Snake:1  | Found a large runed translucent door.
 22346 | Snake:1  | Found a large runed translucent door.
 22350 | Snake:1  | Noticed Zoimialu's ghost (adept OpHW)
 22391 | Snake:1  | 22391 ||| INVOKING Heroism.
 22393 | Snake:1  | 22393 ||| Stepping ~*~*~tactically~*~*~ (outnumbered).
 22396 | Snake:1  | 22396 ||| Stepping ~*~*~tactically~*~*~ (outnumbered).
 22447 | Snake:1  | 22447 ||| INVOKING Heroism.
 22480 | Snake:1  | 22480 ||| INVOKING Heroism.
 22483 | Snake:1  | Reached skill level 12 in Fighting
 22578 | Snake:1  | 22578 ||| Stepping ~*~*~tactically~*~*~ (outnumbered).
 22580 | Snake:1  | 22580 ||| Stepping ~*~*~tactically~*~*~ (outnumbered).
 22583 | Snake:1  | 22583 ||| INVOKING Heroism.
 22861 | Snake:1  | 22861 ||| INVOKING Heroism.
 22862 | Snake:1  | 22862 ||| Stepping ~*~*~tactically~*~*~ (outnumbered).
 22872 | Snake:1  | 22872 ||| Stepping ~*~*~tactically~*~*~ (outnumbered).
 22879 | Snake:1  | 22879 ||| Stepping ~*~*~tactically~*~*~ (outnumbered).
 22884 | Snake:1  | 22884 ||| INVOKING Heroism.
 23045 | Snake:1  | Received a gift from Okawaru
 23148 | Snake:1  | 23148 ||| INVOKING Heroism.
 24013 | Snake:1  | 24013 ||| Stepping randomly (stuck).
 24038 | Snake:2  | Reached XP level 17. HP: 106/106 MP: 26/26
 24059 | Snake:2  | 24059 ||| Stepping ~*~*~tactically~*~*~ (outnumbered).
 24061 | Snake:2  | 24061 ||| Stepping ~*~*~tactically~*~*~ (outnumbered).
 24063 | Snake:2  | 24063 ||| INVOKING Heroism.
 24064 | Snake:2  | 24064 ||| Stepping ~*~*~tactically~*~*~ (outnumbered).
 24066 | Snake:2  | 24066 ||| Stepping ~*~*~tactically~*~*~ (outnumbered).
 24070 | Snake:2  | 24070 ||| Stepping ~*~*~tactically~*~*~ (outnumbered).
 24118 | Snake:2  | Noticed Nikola
 24119 | Snake:2  | 24119 ||| INVOKING Heroism.
 24120 | Snake:2  | 24120 ||| INVOKING Finesse.
 24128 | Snake:2  | Killed Nikola
 24309 | Snake:2  | 24309 ||| INVOKING Heroism.
 24514 | Snake:2  | 24514 ||| FLEEEEING.
 24515 | Snake:2  | 24515 ||| FLEEEEING.
 24529 | Snake:2  | 24529 ||| FLEEEEING.
 24543 | Snake:2  | 24543 ||| FLEEEEING.
 24546 | Snake:2  | 24546 ||| INVOKING Heroism.
 24765 | Snake:2  | Found Qudibou's Book Shoppe.
 24766 | Snake:2  | Found Qifu Guts's Jewellery Boutique.
 24766 | Snake:2  | Found Hunisesef's Jewellery Boutique.
 24774 | Snake:2  | 24774 ||| SHOPLISTING ring of Godwi {rPois rF+ rN+ MP+9}
                  | (1142 gold, have 1141).
 24778 | Snake:2  | 24778 ||| BUYING amulet of regeneration (540 gold).
 24778 | Snake:2  | Bought an amulet of regeneration for 540 gold pieces
 24877 | Snake:2  | 24877 ||| DROPPING amulet of the acrobat.
 24963 | Snake:3  | 24963 ||| INVOKING Heroism.
 24964 | Snake:3  | 24964 ||| Stepping ~*~*~tactically~*~*~ (outnumbered).
 24972 | Snake:3  | 24972 ||| Stepping ~*~*~tactically~*~*~ (outnumbered).
 25121 | Snake:3  | 25121 ||| Stepping ~*~*~tactically~*~*~ (outnumbered).
 25124 | Snake:3  | 25124 ||| Stepping ~*~*~tactically~*~*~ (outnumbered).
 25126 | Snake:3  | 25126 ||| Stepping ~*~*~tactically~*~*~ (outnumbered).
 25128 | Snake:3  | 25128 ||| Stepping ~*~*~tactically~*~*~ (outnumbered).
 25294 | Snake:3  | Noticed Bai Suzhen
 25295 | Snake:3  | 25295 ||| INVOKING Heroism.
 25296 | Snake:3  | 25296 ||| INVOKING Finesse.
 25309 | Snake:3  | Killed Bai Suzhen
 25453 | Snake:3  | 25453 ||| INVOKING Heroism.
 25484 | Snake:3  | 25484 ||| INVOKING Heroism.
 25544 | Snake:3  | Identified the +0 robe of Fresh Contentment {Slay+2}
 25736 | Snake:3  | 25736 ||| PLANNING SHOALS:4
 25736 | Snake:3  | 25736 ||| READING scroll labelled OLALABUBAMU.
 25901 | Shoals:4 | Entered Level 4 of the Shoals
 25901 | Shoals:4 | Found Iqiepruz's Jewellery Shop.
 25906 | Shoals:4 | 25906 ||| INVOKING Heroism.
 25907 | Shoals:4 | 25907 ||| INVOKING Finesse.
 25962 | Shoals:4 | 25962 ||| Stepping ~*~*~tactically~*~*~ (water).
 25964 | Shoals:4 | 25964 ||| Stepping ~*~*~tactically~*~*~ (water).
 25978 | Shoals:4 | 25978 ||| Stepping ~*~*~tactically~*~*~ (water).
 25995 | Shoals:4 | 25995 ||| Stepping ~*~*~tactically~*~*~ (water).
 26003 | Shoals:4 | 26003 ||| INVOKING Heroism.
 26004 | Shoals:4 | 26004 ||| INVOKING Finesse.
 26049 | Shoals:4 | Found Piosuac's Practical Paraphernalia.
 26059 | Shoals:4 | 26059 ||| Stepping ~*~*~tactically~*~*~ (water).
 26059 | Shoals:4 | Noticed Kirke
 26067 | Shoals:4 | Killed Kirke
 26076 | Shoals:4 | 26076 ||| INVOKING Heroism.
 26090 | Shoals:4 | 26090 ||| Stepping ~*~*~tactically~*~*~ (water).
 26192 | Shoals:4 | Identified the -2 pair of boots "Fezesm" {rPois rC- rCorr
                  | Dex+5} (Okawaru gifted it to you on level 4 of the Shoals)
 26192 | Shoals:4 | Received a gift from Okawaru
 26267 | Shoals:4 | Found Atijys's Antique Weapon Shoppe.
 26269 | Shoals:4 | Identified the ring "Rotian" {+Blink EV+5 Int+2}
 26270 | Shoals:4 | 26270 ||| INVOKING Heroism.
 26271 | Shoals:4 | 26271 ||| INVOKING Finesse.
 26345 | Shoals:4 | 26345 ||| Stepping ~*~*~tactically~*~*~ (water).
 26374 | Shoals:4 | Found a corrupted altar of Lugonu.
 26382 | Shoals:4 | 26382 ||| INVOKING Heroism.
 26383 | Shoals:4 | 26383 ||| INVOKING Finesse.
 26436 | Shoals:4 | Found a one-way gate to the infinite horrors of the Abyss.
 26449 | Shoals:4 | 26449 ||| Stepping ~*~*~tactically~*~*~ (water).
 26493 | Shoals:4 | 26493 ||| FLEEEEING.
 26494 | Shoals:4 | 26494 ||| FLEEEEING.
 26495 | Shoals:4 | 26495 ||| FLEEEEING.
 26496 | Shoals:4 | 26496 ||| FLEEEEING.
 26498 | Shoals:4 | 26498 ||| INVOKING Heroism.
 26596 | Shoals:4 | Reached skill level 21 in Ranged Weapons
 26625 | Shoals:4 | 26625 ||| INVOKING Heroism.
 26634 | Shoals:4 | Found Ololix's Book Shoppe.
 26639 | Shoals:4 | Found Murujin's One-of-a-Kind Rings.
 26658 | Shoals:4 | 26658 ||| Stepping ~*~*~tactically~*~*~ (water).
 26668 | Shoals:4 | 26668 ||| INVOKING Heroism.
 26675 | Shoals:4 | 26675 ||| Stepping ~*~*~tactically~*~*~ (water).
 26712 | Shoals:4 | Noticed a kraken
 26728 | Shoals:4 | Killed a kraken
 26729 | Shoals:4 | Reached XP level 18. HP: 117/117 MP: 27/27
 26765 | Shoals:4 | Got a barnacled rune of Zot
 26785 | Shoals:4 | 26785 ||| INVOKING Heroism.
 26918 | Shoals:4 | 26918 ||| PLANNING VAULTS:1-4
 26918 | Shoals:4 | 26918 ||| UPGRADING to -2 pair of boots "Fezesm" {rPois rC-
                  | rCorr Dex+5}.
 27227 | Vaults:1 | Entered Level 1 of the Vaults
 27231 | Vaults:1 | 27231 ||| STAIRDANCE
 27297 | Vaults:1 | 27297 ||| DRINKING 4 potions of resistance.
 27298 | Vaults:1 | 27298 ||| Stepping ~*~*~tactically~*~*~ (outnumbered).
 27300 | Vaults:1 | 27300 ||| Stepping ~*~*~tactically~*~*~ (outnumbered).
 27302 | Vaults:1 | 27302 ||| Stepping ~*~*~tactically~*~*~ (outnumbered).
 27304 | Vaults:1 | 27304 ||| Stepping ~*~*~tactically~*~*~ (outnumbered).
 27306 | Vaults:1 | 27306 ||| Stepping ~*~*~tactically~*~*~ (outnumbered).
 27393 | Vaults:1 | Found Qaf Maeh's Assorted Antiques.
 27398 | Vaults:1 | Found Bihipof's Distillery.
 27401 | Vaults:1 | 27401 ||| BUYING pair of embroidered gloves (247 gold).
 27401 | Vaults:1 | Bought a pair of embroidered gloves for 247 gold pieces
 27406 | Vaults:1 | 27406 ||| BUYING potion of curing (54 gold).
 27406 | Vaults:1 | Bought a potion of curing for 54 gold pieces
 27406 | Vaults:1 | 27406 ||| BUYING potion of curing (54 gold).
 27406 | Vaults:1 | Bought a potion of curing for 54 gold pieces
 27406 | Vaults:1 | 27406 ||| BUYING potion of curing (54 gold).
 27406 | Vaults:1 | Bought a potion of curing for 54 gold pieces
 27406 | Vaults:1 | 27406 ||| BUYING potion of curing (54 gold).
 27406 | Vaults:1 | Bought a potion of curing for 54 gold pieces
 27406 | Vaults:1 | 27406 ||| BUYING potion of heal wounds (90 gold).
 27406 | Vaults:1 | Bought a potion of heal wounds for 90 gold pieces
 27428 | Vaults:1 | 27428 ||| INVOKING Heroism.
 27567 | Vaults:1 | 27567 ||| FLEEEEING.
 27568 | Vaults:1 | 27568 ||| FLEEEEING.
 27569 | Vaults:1 | 27569 ||| FLEEEEING.
 27576 | Vaults:1 | 27576 ||| FLEEEEING.
 27577 | Vaults:1 | 27577 ||| FLEEEEING.
 27578 | Vaults:1 | 27578 ||| FLEEEEING.
 27579 | Vaults:1 | 27579 ||| FLEEEEING.
 27580 | Vaults:1 | 27580 ||| FLEEEEING.
 27581 | Vaults:1 | 27581 ||| FLEEEEING.
 27582 | Vaults:1 | 27582 ||| FLEEEEING.
 27583 | Vaults:1 | 27583 ||| FLEEEEING.
 27584 | Vaults:1 | 27584 ||| FLEEEEING.
 27585 | Vaults:1 | 27585 ||| FLEEEEING.
 27586 | Vaults:1 | 27586 ||| FLEEEEING.
 27587 | Vaults:1 | 27587 ||| FLEEEEING.
 27588 | Vaults:1 | 27588 ||| FLEEEEING.
 27589 | Vaults:1 | 27589 ||| FLEEEEING.
 27590 | Vaults:1 | 27590 ||| FLEEEEING.
 27591 | Vaults:1 | 27591 ||| FLEEEEING.
 27595 | Vaults:1 | 27595 ||| FLEEEEING.
 27596 | Vaults:1 | 27596 ||| FLEEEEING.
 27597 | Vaults:1 | 27597 ||| FLEEEEING.
 27598 | Vaults:1 | 27598 ||| FLEEEEING.
 27599 | Vaults:1 | 27599 ||| FLEEEEING.
 27600 | Vaults:1 | 27600 ||| FLEEEEING.
 27601 | Vaults:1 | 27601 ||| FLEEEEING.
 27602 | Vaults:1 | 27602 ||| FLEEEEING.
 27603 | Vaults:1 | 27603 ||| FLEEEEING.
 27604 | Vaults:1 | 27604 ||| FLEEEEING.
 27609 | Vaults:1 | 27609 ||| FLEEEEING.
 27610 | Vaults:1 | 27610 ||| FLEEEEING.
 27611 | Vaults:1 | 27611 ||| FLEEEEING.
 27612 | Vaults:1 | 27612 ||| FLEEEEING.
 27613 | Vaults:1 | 27613 ||| FLEEEEING.
 27614 | Vaults:1 | 27614 ||| FLEEEEING.
 27615 | Vaults:1 | 27615 ||| FLEEEEING.
 27616 | Vaults:1 | 27616 ||| FLEEEEING.
 27617 | Vaults:1 | 27617 ||| FLEEEEING.
 27618 | Vaults:1 | 27618 ||| FLEEEEING.
 27619 | Vaults:1 | 27619 ||| FLEEEEING.
 27620 | Vaults:1 | 27620 ||| FLEEEEING.
 27625 | Vaults:1 | 27625 ||| FLEEEEING.
 27626 | Vaults:1 | 27626 ||| FLEEEEING.
 27627 | Vaults:1 | 27627 ||| FLEEEEING.
 27628 | Vaults:1 | 27628 ||| FLEEEEING.
 27629 | Vaults:1 | 27629 ||| FLEEEEING.
 27630 | Vaults:1 | 27630 ||| FLEEEEING.
 27631 | Vaults:1 | 27631 ||| FLEEEEING.
 27632 | Vaults:1 | 27632 ||| FLEEEEING.
 27633 | Vaults:1 | 27633 ||| FLEEEEING.
 27634 | Vaults:1 | 27634 ||| FLEEEEING.
 27635 | Vaults:1 | 27635 ||| FLEEEEING.
 27636 | Vaults:1 | 27636 ||| FLEEEEING.
 27637 | Vaults:1 | 27637 ||| FLEEEEING.
 27638 | Vaults:1 | 27638 ||| FLEEEEING.
 27639 | Vaults:1 | 27639 ||| FLEEEEING.
 27640 | Vaults:1 | 27640 ||| FLEEEEING.
 27647 | Vaults:1 | 27647 ||| DROPPING +2 pair of gloves of strength.
 27659 | Vaults:1 | Noticed Aizul
 27660 | Vaults:1 | 27660 ||| INVOKING Heroism.
 27665 | Vaults:1 | Killed Aizul
 27766 | Vaults:1 | Reached skill level 15 in Fighting
 27786 | Vaults:1 | 27786 ||| Stepping ~*~*~tactically~*~*~ (outnumbered).
 27870 | Vaults:1 | 27870 ||| DRINKING 3 potions of resistance.
 27957 | Vaults:1 | 27957 ||| INVOKING Heroism.
 27982 | Vaults:1 | 27982 ||| DRINKING 2 potions of resistance.
 28001 | Vaults:1 | 28001 ||| INVOKING Heroism.
 28010 | Vaults:1 | HP: 21/119 [deep troll[an ironbound preserver] (21)]
 28011 | Vaults:1 | 28011 ||| READING 8 scrolls of teleportation.
 28012 | Vaults:1 | 28012 ||| DRINKING 3 potions of heal wounds.
 28014 | Vaults:1 | 28014 ||| DRINKING 2 potions of heal wounds.
 28234 | Vaults:1 | Found Acimuuho's Magic Scroll Emporium.
 28234 | Vaults:1 | Found Amacunu's Distillery.
 28240 | Vaults:1 | 28240 ||| SHOPLISTING scroll of brand weapon (142 gold,
                  | have 115).
 28240 | Vaults:1 | 28240 ||| BUYING scroll of enchant armour (112 gold).
 28240 | Vaults:1 | Bought a scroll of enchant armour for 112 gold pieces
 28240 | Vaults:1 | 28240 ||| SHOPLISTING scroll of teleportation (45 gold,
                  | have 3).
 28240 | Vaults:1 | 28240 ||| READING scroll of enchant armour.
 28240 | Vaults:1 | 28240 ||| ENCHANTING +6 swamp dragon scales.
 28247 | Vaults:1 | 28247 ||| SHOPLISTING potion of curing (39 gold, have 3).
 28247 | Vaults:1 | 28247 ||| SHOPLISTING potion of heal wounds (65 gold, have
                  | 3).
 28247 | Vaults:1 | 28247 ||| SHOPLISTING potion of might (52 gold, have 3).
 28313 | Vaults:1 | 28313 ||| DRINKING potion of resistance.
 28660 | Vaults:1 | 28660 ||| Stepping ~*~*~tactically~*~*~ (outnumbered).
 28662 | Vaults:1 | 28662 ||| Stepping ~*~*~tactically~*~*~ (outnumbered).
 28664 | Vaults:1 | 28664 ||| Stepping ~*~*~tactically~*~*~ (outnumbered).
 28682 | Vaults:1 | 28682 ||| FLEEEEING.
 28683 | Vaults:1 | 28683 ||| FLEEEEING.
 28687 | Vaults:1 | 28687 ||| FLEEEEING.
 28747 | Vaults:1 | 28747 ||| Stepping ~*~*~tactically~*~*~ (outnumbered).
 28749 | Vaults:1 | 28749 ||| Stepping ~*~*~tactically~*~*~ (outnumbered).
 28751 | Vaults:1 | 28751 ||| Stepping ~*~*~tactically~*~*~ (outnumbered).
 28844 | Vaults:1 | Reached skill level 12 in Armour
 28884 | Vaults:1 | 28884 ||| Stepping ~*~*~tactically~*~*~ (outnumbered).
 28886 | Vaults:1 | 28886 ||| Stepping ~*~*~tactically~*~*~ (outnumbered).
 29080 | Vaults:1 | 29080 ||| INVOKING Heroism.
 29081 | Vaults:1 | 29081 ||| INVOKING Finesse.
 29121 | Vaults:1 | Identified the +1 ring mail of Refuge {rCorr Str+4 Dex-2
                  | SInv}
 29122 | Vaults:1 | Identified the ring "Imaoxeil" {Wiz rC- Will+++}
 29129 | Vaults:1 | 29129 ||| INVOKING Heroism.
 29143 | Vaults:1 | Identified the +2 leather armour of Jiheadea {Int+3}
 29246 | Vaults:1 | 29246 ||| DROPPING ring "Imaoxeil" {Wiz rC- Will+++}.
 29371 | Vaults:2 | 29371 ||| INVOKING Heroism.
 29373 | Vaults:2 | 29373 ||| Stepping ~*~*~tactically~*~*~ (outnumbered).
 29374 | Vaults:2 | 29374 ||| Stepping ~*~*~tactically~*~*~ (outnumbered).
 29394 | Vaults:2 | 29394 ||| INVOKING Finesse.
 29437 | Vaults:2 | 29437 ||| INVOKING Heroism.
 29528 | Vaults:2 | 29528 ||| Stepping ~*~*~tactically~*~*~ (outnumbered).
 29685 | Vaults:2 | 29685 ||| Stepping ~*~*~tactically~*~*~ (outnumbered).
 29698 | Vaults:2 | 29698 ||| INVOKING Heroism.
 29698 | Vaults:2 | HP: 21/120 [deep troll[an ironbound preserver] (17)]
 29699 | Vaults:2 | 29699 ||| READING 8 scrolls of teleportation.
 29700 | Vaults:2 | 29700 ||| DRINKING potion of heal wounds.
 29722 | Vaults:2 | 29722 ||| FLEEEEING.
 29723 | Vaults:2 | 29723 ||| FLEEEEING.
 29724 | Vaults:2 | 29724 ||| FLEEEEING.
 29725 | Vaults:2 | 29725 ||| FLEEEEING.
 29726 | Vaults:2 | 29726 ||| FLEEEEING.
 29727 | Vaults:2 | 29727 ||| FLEEEEING.
 29728 | Vaults:2 | 29728 ||| FLEEEEING.
 29729 | Vaults:2 | 29729 ||| FLEEEEING.
 29730 | Vaults:2 | 29730 ||| FLEEEEING.
 29731 | Vaults:2 | 29731 ||| FLEEEEING.
 29732 | Vaults:2 | 29732 ||| FLEEEEING.
 29733 | Vaults:2 | 29733 ||| FLEEEEING.
 29734 | Vaults:2 | 29734 ||| FLEEEEING.
 29735 | Vaults:2 | 29735 ||| FLEEEEING.
 29736 | Vaults:2 | 29736 ||| FLEEEEING.
 29737 | Vaults:2 | 29737 ||| FLEEEEING.
 29739 | Vaults:2 | 29739 ||| FLEEEEING.
 29740 | Vaults:2 | 29740 ||| STAIRDANCE
 29905 | Vaults:2 | 29905 ||| STAIRDANCE
 29910 | Vaults:1 | Reached XP level 19. HP: 103/125 MP: 28/28
 29966 | Vaults:2 | 29966 ||| STAIRDANCE
 30111 | Vaults:2 | 30111 ||| STAIRDANCE
 30218 | Vaults:2 | 30218 ||| STAIRDANCE
 30292 | Vaults:2 | Reached ****** piety under Okawaru
 30298 | Vaults:2 | Received a gift from Okawaru
 30463 | Vaults:2 | 30463 ||| INVOKING Heroism.
 30464 | Vaults:2 | 30464 ||| INVOKING Finesse.
 30469 | Vaults:2 | 30469 ||| Stepping ~*~*~tactically~*~*~ (outnumbered).
 30471 | Vaults:2 | 30471 ||| Stepping ~*~*~tactically~*~*~ (outnumbered).
 30556 | Vaults:2 | Found Gevvac's Antique Weapon Shop.
 30573 | Vaults:2 | 30573 ||| INVOKING Heroism.
 30574 | Vaults:2 | 30574 ||| INVOKING Finesse.
 30577 | Vaults:2 | 30577 ||| Stepping ~*~*~tactically~*~*~ (outnumbered).
 30887 | Vaults:2 | 30887 ||| Stepping ~*~*~tactically~*~*~ (outnumbered).
 30889 | Vaults:2 | 30889 ||| Stepping ~*~*~tactically~*~*~ (outnumbered).
 31111 | Vaults:2 | Found a staircase to the Crypt.
 31279 | Vaults:3 | Noticed Mara
 31280 | Vaults:3 | 31280 ||| PLANNING DESOLATION
 31280 | Vaults:3 | 31280 ||| INVOKING Heroism.
 31281 | Vaults:3 | Noticed qw's illusion
 31281 | Vaults:3 | 31281 ||| INVOKING Finesse.
 31313 | Vaults:3 | Noticed qw's illusion
 31314 | Vaults:3 | Killed Mara
 31517 | Vaults:3 | 31517 ||| INVOKING Heroism.
 31518 | Vaults:3 | 31518 ||| INVOKING Finesse.
 31743 | Vaults:3 | 31743 ||| INVOKING Heroism.
 31744 | Vaults:3 | 31744 ||| INVOKING Finesse.
 31754 | Vaults:3 | 31754 ||| Stepping ~*~*~tactically~*~*~ (outnumbered).
 31755 | Vaults:3 | 31755 ||| Stepping ~*~*~tactically~*~*~ (outnumbered).
 31913 | Vaults:3 | 31913 ||| RIP DESOLATION
 31914 | Vaults:3 | 31914 ||| PLANNING VAULTS:1-4
 32070 | Vaults:3 | 32070 ||| INVOKING Heroism.
 32076 | Vaults:3 | Identified the +0 crystal plate armour of Disaster {rF+ rN+
                  | rCorr Int+4} (Okawaru gifted it to you on level 3 of the
                  | Vaults)
 32076 | Vaults:3 | Received a gift from Okawaru
 32118 | Vaults:3 | 32118 ||| FLEEEEING.
 32123 | Vaults:3 | 32123 ||| FLEEEEING.
 32124 | Vaults:3 | 32124 ||| FLEEEEING.
 32124 | Vaults:3 | Noticed Sojobo
 32125 | Vaults:3 | 32125 ||| INVOKING Heroism.
 32126 | Vaults:3 | 32126 ||| INVOKING Finesse.
 32152 | Vaults:3 | Killed Sojobo
 32174 | Vaults:3 | 32174 ||| INVOKING Heroism.
 32416 | Vaults:3 | Noticed Boris
 32417 | Vaults:3 | 32417 ||| INVOKING Heroism.
 32418 | Vaults:3 | 32418 ||| INVOKING Finesse.
 32422 | Vaults:3 | Killed Boris
 32481 | Vaults:3 | 32481 ||| INVOKING Heroism.
 32630 | Vaults:3 | 32630 ||| INVOKING Heroism.
 32631 | Vaults:3 | 32631 ||| INVOKING Finesse.
 32647 | Vaults:3 | Reached skill level 18 in Fighting
 32766 | Vaults:3 | 32766 ||| FLEEEEING.
 32767 | Vaults:3 | 32767 ||| FLEEEEING.
 32768 | Vaults:3 | 32768 ||| FLEEEEING.
 32769 | Vaults:3 | 32769 ||| FLEEEEING.
 32770 | Vaults:3 | 32770 ||| FLEEEEING.
 32771 | Vaults:3 | 32771 ||| FLEEEEING.
 32772 | Vaults:3 | 32772 ||| FLEEEEING.
 32773 | Vaults:3 | 32773 ||| FLEEEEING.
 32774 | Vaults:3 | 32774 ||| FLEEEEING.
 32775 | Vaults:3 | 32775 ||| FLEEEEING.
 32910 | Vaults:3 | 32910 ||| INVOKING Heroism.
 32911 | Vaults:3 | 32911 ||| INVOKING Finesse.
 33175 | Vaults:3 | Found Utasucil's Antique Weapon Shoppe.
 33352 | Vaults:4 | 33352 ||| INVOKING Heroism.
 33412 | Vaults:4 | Reached XP level 20. HP: 136/136 MP: 29/29
 33597 | Vaults:4 | Identified the +10 shortbow of Bloodstone {flame, rPois rC+
                  | MP-9 Int+3}
 33666 | Vaults:4 | Received a gift from Okawaru
 33684 | Vaults:4 | 33684 ||| INVOKING Heroism.
 33685 | Vaults:4 | 33685 ||| Stepping ~*~*~tactically~*~*~ (outnumbered).
 33738 | Vaults:4 | 33738 ||| INVOKING Heroism.
 33909 | Vaults:4 | 33909 ||| INVOKING Heroism.
 34145 | Vaults:4 | 34145 ||| INVOKING Heroism.
 34147 | Vaults:4 | HP: 30/136 [???[a Zot trap] (27)]
 34148 | Vaults:4 | 34148 ||| READING 8 scrolls of teleportation.
 34149 | Vaults:4 | 34149 ||| DRINKING potion of heal wounds.
 34934 | Vaults:4 | 34934 ||| PLANNING SNAKE:4
 34934 | Vaults:4 | 34934 ||| READING scroll labelled RUPLOHIONO.
 35450 | Snake:4  | Entered Level 4 of the Snake Pit
 35450 | Snake:4  | Noticed Asterion
 35451 | Snake:4  | 35451 ||| INVOKING Heroism.
 35452 | Snake:4  | 35452 ||| INVOKING Finesse.
 35462 | Snake:4  | Killed Asterion
 35505 | Snake:4  | 35505 ||| STAIRDANCE
 35621 | Snake:4  | Found a sparkling altar of Nemelex Xobeh.
 35632 | Snake:4  | 35632 ||| READING scroll of enchant weapon.
 35632 | Snake:4  | 35632 ||| ENCHANTING +2 heavy longbow.
 35735 | Snake:4  | Found Kamuirch's Tremendous Tomes.
 35829 | Snake:4  | 35829 ||| Stepping ~*~*~tactically~*~*~ (water).
 35843 | Snake:4  | 35843 ||| Stepping ~*~*~tactically~*~*~ (outnumbered).
 35966 | Snake:4  | Received a gift from Okawaru
 35982 | Snake:4  | 35982 ||| FLEEEEING.
 35983 | Snake:4  | 35983 ||| FLEEEEING.
 35984 | Snake:4  | 35984 ||| FLEEEEING.
 35985 | Snake:4  | 35985 ||| FLEEEEING.
 35986 | Snake:4  | 35986 ||| FLEEEEING.
 35987 | Snake:4  | 35987 ||| FLEEEEING.
 35988 | Snake:4  | 35988 ||| FLEEEEING.
 35989 | Snake:4  | 35989 ||| FLEEEEING.
 35990 | Snake:4  | 35990 ||| FLEEEEING.
 35991 | Snake:4  | 35991 ||| FLEEEEING.
 36001 | Snake:4  | 36001 ||| STAIRDANCE
 36053 | Snake:3  | 36053 ||| DROPPING ring of protection from fire.
 36113 | Snake:4  | 36113 ||| READING scroll of enchant armour.
 36113 | Snake:4  | 36113 ||| ENCHANTING +1 cloak.
 36138 | Snake:4  | 36138 ||| Stepping ~*~*~tactically~*~*~ (outnumbered).
 36480 | Snake:4  | 36480 ||| FLEEEEING.
 36481 | Snake:4  | 36481 ||| FLEEEEING.
 36548 | Snake:4  | 36548 ||| Stepping ~*~*~tactically~*~*~ (outnumbered).
 36678 | Snake:4  | 36678 ||| Stepping ~*~*~tactically~*~*~ (outnumbered).
 36679 | Snake:4  | 36679 ||| INVOKING Heroism.
 36691 | Snake:4  | Identified the +1 pair of gloves "Maadd" {rCorr} (Okawaru
                  | gifted it to you on level 4 of the Snake Pit)
 36691 | Snake:4  | Received a gift from Okawaru
 36830 | Snake:4  | 36830 ||| Stepping ~*~*~tactically~*~*~ (outnumbered).
 36889 | Snake:4  | Got a serpentine rune of Zot
 36985 | Snake:4  | 36985 ||| Stepping ~*~*~tactically~*~*~ (outnumbered).
 37013 | Snake:4  | 37013 ||| Stepping ~*~*~tactically~*~*~ (outnumbered).
 37014 | Snake:4  | 37014 ||| Stepping ~*~*~tactically~*~*~ (outnumbered).
 37017 | Snake:4  | 37017 ||| Stepping ~*~*~tactically~*~*~ (outnumbered).
 37021 | Snake:4  | 37021 ||| Stepping ~*~*~tactically~*~*~ (outnumbered).
 37023 | Snake:4  | 37023 ||| Stepping ~*~*~tactically~*~*~ (outnumbered).
 37033 | Snake:4  | 37033 ||| PLANNING DEPTHS
 37033 | Snake:4  | 37033 ||| DROPPING +1 pair of gloves "Maadd" {rCorr}.
 37316 | Depths:1 | Entered Level 1 of the Depths
 37318 | Depths:1 | 37318 ||| Stepping ~*~*~tactically~*~*~ (outnumbered).
 37320 | Depths:1 | Reached skill level 15 in Armour
 37322 | Depths:1 | 37322 ||| INVOKING Heroism.
 37323 | Depths:1 | 37323 ||| INVOKING Finesse.
 37328 | Depths:1 | 37328 ||| Stepping ~*~*~tactically~*~*~ (water).
 37348 | Depths:1 | HP: 22/139 [spriggan rider/+0 vampiric spear (18)]
 37349 | Depths:1 | 37349 ||| READING 8 scrolls of teleportation.
 37353 | Depths:1 | 37353 ||| READING 7 scrolls of teleportation.
 37354 | Depths:1 | Killed from afar by a fire giant

Levels and vault maps discovered:
D:1:      dpeg_arrival_more_subterranean_lakeside_camping, layout_basic
D:2:      kennysheep_big_flooded_room, layout_loops_ring, serial_glass,
          glass_columns_a, glass_columns_b, glass_columns_a, glass_columns_a,
          glass_columns_c, glass_columns_a, glass_columns_a, glass_columns_a,
          glass_columns_b, glass_columns_c, glass_columns_a, glass_columns_a,
          glass_columns_b, glass_columns_a,
          shapermc_ecumenical_altar_notcrosses, basic_altar, minmay_surrounded,
          uniq_crazy_yiuf_cottage
D:3:      layout_basic, minmay_crystal_water, kennysheep_generic_room_9
D:4:      layout_basic, grunt_temple_overflow_open,
          chequers_serial_rivers_micro_c, uniq_pikel
D:5:      layout_rooms, nicolae_sif_muna_little_library, serial_shops, shop,
          uniq_ijyb
D:6:      layout_basic, minmay_temple_entry_ruins, ebering_ghost_sewer_d
D:7:      layout_gridville, roderic_three_in_a_row, grunt_ogre_cave
D:8:      gammafunk_boulding_lane, layout_loops_ring, yredelemnul_altar_generic,
          uniq_joseph, uniq_maggie
D:9:      layout_irregular_city
D:10:     layout_rooms, lair_entry_dummy, gammafunk_ghost_grave, uniq_nergalle,
          uniq_harold
D:11:     layout_basic, nicolae_ru_great_annihilating_truth
D:12:     layout_long_grid, hiddenorc1_lemuel, laboratory
D:13:     layout_basic, gauntlet_entry_generic, kennysheep_small_square
D:14:     hangedman_cross_stitches, layout_basic, david_vaults_2,
          nemelex_altar_shiori, minmay_misc_feat_hallway
D:15:     gammafunk_depths_entry_grave, layout_stronghold, minivault_28
Temple:   eino_temple_rhombus
Lair:1:   layout_big_grid, gammafunk_ghost_arena,
          nicolae_quartered_pool_impasse, st_stairs_6, uniq_grum
Lair:2:   regret_index_combs_of_tragedy, layout_gridlike, dummy_snake_entry,
          infiniplex_staircase_pool, uniq_erica
Lair:3:   layout_cave_shapes, minmay_shoals_entry_hut, grunt_megastairs_1,
          lemuel_fruit_tree
Lair:4:   layout_gridlike, slime_entry_1, grunt_megastairs_5
Lair:5:   grunt_lair_end_beastmaster, layout_regular_city, basic_altar
Shoals:1: layout_shoals, st_sunken_temple
Shoals:2: layout_shoals, serial_shops, shop, portal_ice_cave_entry_dragon
Shoals:3: layout_shoals
Shoals:4: shoals_end_grunt_garden, layout_shoals, serial_shops,
          nicolae_shop_tiny_statue_garden, shop_fountains,
          nicolae_shop_tiny_glass, nicolae_alphabet_shops,
          nicolae_shop_unique_rings, amcnicky_altar_lugonu_corruption,
          uniq_kirke
Snake:1:  layout_misc_corridors, ebering_ghost_disaster_area, grunt_megastairs_2
Snake:2:  layout_rooms, serial_bayou_shore_b, minmay_shop_grove, uniq_nikola
Snake:3:  layout_gridlike, uniq_bai_suzhen
Snake:4:  hellmonk_snake_rune_quicksilver_temple, layout_cave_town, basic_altar,
          grunt_ministairs_12, statue_in_the_mist_lemuel,
          nicolae_shop_i_like_big_books, serial_bayou_ford_a, uniq_asterion
Orc:1:    layout_diamond_mine, uniq_urug
Orc:2:    st_orc_ogre_mass, layout_diamond_mine, david_defended_altar_orc,
          uniq_saint_roka
Vaults:1: vaults_mumra_hex, nicolae_vaults_arrows, v_alt_pattern_3,
          nicolae_vaults_network_square, hangedman_vaults_variations,
          nicolae_vaults_wine_cellar, hangedman_vaults_stretched_pinwheel,
          nicolae_vaults_layer_cake_slice, vaults_room_door_ring,
          nicolae_vaults_storing_the_good_stuff, nicolae_vaults_tetromino_Z_1,
          nicolae_vaults_tetromino_T_1, layout_vaults_chaotic_city,
          serial_shops, shop, shop, shop, nicolae_shop_just_a_little_nook,
          uniq_aizul
Vaults:2: nicolae_vaults_offset_grid_hallway_4, nicolae_vaults_shelves_hall,
          nicolae_vaults_what_the_h, dpeg_vaults_monster_box,
          minmay_crypt_entry_skeletal_spiral, v_misc_10, serial_ice_g,
          nicolae_vaults_offset_grid_hallway_3, dpeg_vaults_monster_row,
          nicolae_vaults_crenellated_ambush, v_misc_28, vaults_dpeg_hooks,
          nicolae_vaults_border_crossing, nicolae_vaults_storage_room_statues,
          ontoclasm_vaults_idyll, layout_vaults_omnicross, serial_shops,
          nicolae_shop_trees
Vaults:3: portal_desolation_entry_ruin, vaults_room_fancy_cross,
          nicolae_vaults_windows_and_doors_thing,
          nicolae_vaults_shrinking_rooms_2, nicolae_vaults_little_squares_6,
          hangedman_vaults_corner, nicolae_vaults_apartment_1,
          nicolae_vaults_stepped_doors, v_pattern_4, v_misc_9, v_misc_23,
          nicolae_vaults_house_1, layout_vaults_omnibox, serial_shops, shop,
          uniq_mara, uniq_boris, uniq_sojobo
Vaults:4: v_misc_30, hangedman_vaults_stretched_pinwheel, vaults_mumra_hexcomb,
          ontoclasm_vaults_shuriken, nicolae_vaults_trapezoid_2,
          vaults_room_stairs_pillars, layout_vaults_omnigrid
Depths:1: layout_cave_pools, enter_ziggurat_a, dk_noncrumbling_3, hell_entry,
          serial_shops, nicolae_shop_industrial_runoff,
          hangedman_feature_mirror, dancing_weapons_uskayaw

Skill      XL: |  1  2  3  4  5  6  7  8  9 10 11 12 13 14 15 16 17 18 19 20 |
---------------+-------------------------------------------------------------+-----
Ranged Weapons | 6 7 8 10 12 15 16 20 21 22 | 22.0
Dodging        | 7 9 12 15 17 20 22 | 22.0
Fighting       | 2 3 9 11 12 14 16 18 19 | 19.1
Invocations    | 3 4 8 10 | 10.0
Armour         | 3 4 6 7 10 11 12 13 15 | 15.0
Stealth        | |  1.2

Action                     |  1- 3 |  4- 6 |  7- 9 | 10-12 | 13-15 | 16-18 | 19-21 || total
---------------------------+-------+-------+-------+-------+-------+-------+-------++-------
   Fire: Shortbow          |    93 |       |       |       |       |       |       ||    93
         Orcbow            |    15 |    75 |   120 |   331 |   649 |       |       ||  1190
         Longbow           |       |       |       |       |   267 |  1071 |   819 ||  2157
 Invoke: Heroism           |       |       |     6 |    27 |    34 |    46 |    20 ||   133
         Finesse           |       |       |       |       |     8 |     8 |    11 ||    27
    Use: Scroll            |     4 |     5 |     6 |     5 |    15 |     5 |     6 ||    46
         Potion            |     2 |     2 |     2 |     6 |     5 |     7 |     1 ||    25
 Armour: Leather armour    |    14 |       |       |       |       |       |       ||    14
         Scale mail        |    16 |     3 |       |       |       |       |       ||    19
         Robe              |       |    11 |     2 |     1 |       |       |       ||    14
         Swamp dragon scal |       |       |       |    58 |   122 |    73 |    72 ||   325
  Dodge: Dodged            |    41 |    31 |    14 |   369 |   967 |   827 |   532 ||  2781

Table legend:
 A = Non-vault XP
 B = Vault XP
 C = Vault XP percentage of total XP
 D = Non-vault monster count
 E = Vault monster count
 F = Vault count percentage of total count
                 A         B        C        D         E       F
            +---------+---------+-------+---------+---------+-------
      Total |  319683 |  235280 |  42.4 |     841 |     440 |  34.3
            +---------+---------+-------+---------+---------+-------
        D:1 |      42 |       0 |   0.0 |      23 |       0 |   0.0
        D:2 |      57 |      21 |  26.9 |      21 |       6 |  22.2
        D:3 |      65 |       0 |   0.0 |      14 |       0 |   0.0
        D:4 |      37 |     607 |  94.3 |      12 |       1 |   7.7
        D:5 |     238 |      36 |  13.1 |       7 |       1 |  12.5
        D:6 |    1274 |       0 |   0.0 |      18 |       0 |   0.0
        D:7 |     800 |     116 |  12.7 |      11 |       1 |   8.3
        D:8 |    1984 |     828 |  29.4 |      18 |       2 |  10.0
        D:9 |    2271 |       0 |   0.0 |      21 |       0 |   0.0
       D:10 |    1889 |    1659 |  46.8 |      12 |       2 |  14.3
       D:11 |    3297 |      18 |   0.5 |      19 |       4 |  17.4
       D:12 |    2719 |    3181 |  53.9 |      11 |      30 |  73.2
       D:13 |    8367 |     871 |   9.4 |      33 |       3 |   8.3
       D:14 |   14384 |   10807 |  42.9 |      29 |      18 |  38.3
       D:15 |    7465 |   12306 |  62.2 |      15 |      20 |  57.1
     Lair:1 |    5178 |     619 |  10.7 |      20 |       4 |  16.7
     Lair:2 |    4596 |    6861 |  59.9 |      23 |      47 |  67.1
     Lair:3 |    4995 |     794 |  13.7 |      13 |       3 |  18.8
     Lair:4 |    6970 |     603 |   8.0 |      21 |       2 |   8.7
     Lair:5 |   12551 |    9453 |  43.0 |      27 |      20 |  42.6
   Shoals:1 |    8753 |     534 |   5.7 |      15 |       1 |   6.2
   Shoals:2 |   18614 |     876 |   4.5 |      37 |       1 |   2.6
   Shoals:3 |    5092 |       0 |   0.0 |       9 |       0 |   0.0
   Shoals:4 |   14770 |   18640 |  55.8 |      28 |      31 |  52.5
    Snake:1 |   19154 |    2299 |  10.7 |      40 |       6 |  13.0
    Snake:2 |   22495 |    2270 |   9.2 |      44 |       1 |   2.2
    Snake:3 |   15004 |    3211 |  17.6 |      28 |       1 |   3.4
    Snake:4 |   28422 |   23874 |  45.7 |      56 |      31 |  35.6
      Orc:1 |    1262 |     947 |  42.9 |       7 |       2 |  22.2
      Orc:2 |    4478 |   18772 |  80.7 |      41 |      56 |  57.7
   Vaults:1 |   28632 |   32253 |  53.0 |      45 |      42 |  48.3
   Vaults:2 |   14785 |   42208 |  74.1 |      35 |      64 |  64.6
   Vaults:3 |   26603 |   31354 |  54.1 |      43 |      28 |  39.4
   Vaults:4 |   25681 |    5504 |  17.6 |      36 |       7 |  16.3
   Depths:1 |    6759 |       0 |   0.0 |       9 |       0 |   0.0
   Gauntlet |       0 |    3758 | 100.0 |       0 |       5 | 100.0
            +---------+---------+-------+---------+---------+-------
